AoeStats
← Cardinal Richelieu

Arena

509264894Analyzed
2v2 RM · 6d ago on Sep 26, 2026· 47m 59s· 4 players
Game mode
Random Map
Map size
Medium (4 player)
Population
200
Speed
Normal
Resources
Standard
Victory
Conquest
Starting age
Dark Age
Ending age
Imperial Age
RankedLock teamsTeams togetherTeam positionsShared explorationLock speedFull tech treeHidden civsTurbo modeCheats
Victory
Defeat
🇲🇽 Franks · Mexico
703
+17
🇵🇪 Turks · Peru
693
+18
🇺🇸 Danes · United States
786
-19
🇺🇸 Varangians · United States
682
-16
muelaluis19
10:32 Feudal Age
14:49 Castle Age
18:03 Loom
43:58 Double-Bit Axe
Patt
11:32 Feudal Age
16:41 Castle Age
14:40 Double-Bit Axe
16:18 Gold Mining
24:22 Imperial Age
27:38 Stone Mining
28:51 Gold Shaft Mining
40:30 Elite Janissary
40:51 Man-at-Arms
D'Artagnaaan!
12:31 Feudal Age
16:12 Castle Age
14:38 Double-Bit Axe
14:36 Horse Collar
16:11 Scale Mail Armor
17:18 Bow Saw
18:38 Loom
24:47 Forging
24:58 Man-at-Arms
29:58 Elite Skirmisher
44:02 Light Cavalry
Cardinal Richelieu
10:32 Feudal Age
16:17 Castle Age
15:56 Double-Bit Axe
16:45 Loom
36:39 Crossbowman
41:45 Imperial Age
41:44 Fletching
47:26 Elite Skirmisher
Connection lost

Rejoining the realm…

Still unreachable

The connection could not be restored.

Session expired

The server has moved on; the page needs a fresh start.